 Dungeon Crawl Stone Soup: Circus Animals version 1.7-37-g2c94cca (webtiles) character file.

15159 Ihatecarrots00 the Fighter (level 14, -3/390 HPs) *STANDARD*
             Began as a Lava Orc Berserker on Sept 8, 2016.
             Was the Champion of Trog.
             Slain by a polar bear (6 damage)
             ... on level 7 of the Lair of Beasts on Sept 9, 2016.
             The game lasted 01:04:32 (20644 turns).

Ihatecarrots00 the Fighter (Lava Orc Berserker)    Turns: 20644, Time: 01:04:33

Health: -3/390     AC: 15    Str: 38    XL:     14   Next: 21%
Magic:  100/100    EV:  8    Int:  8    God:    Trog [******]
Gold:   1264       SH:  0    Dex: 10    Spells: 0 memorised, 13 levels left

rFire  + + +     rPois    +     l - +8 great sword (flame)
rCold  x . .     rElec    .     n - +0 plate armour
rNeg   . . .     rCorr    .     (shield currently unavailable) MagicSh . . . SeeInvis .
                                b - +0 helmet StaminaSh . . . Faith .
                                (no cloak) RegenHP ++++++....
SustAt .                        (no gloves) RegenSP +++....... Dismiss .
                                (no boots) RegenMP +++....... Reflect .
                                (no amulet)
MR     +....     Harm     .     (no ring)
Stlth  ..........               (no ring)

@: mighty, berserking (expiring), quick, very quick, somewhat resistant to
hostile enchantments, extremely unstealthy
A: poison resistance, strong 2
a: Berserk, Trog's Hand, Brothers in Arms, Burn Spellbooks, Renounce Religion


You were on level 7 of the Lair of Beasts.
You worshipped Trog.
Trog was exalted by your worship.
You were not hungry.

You visited 2 branches of the dungeon, and saw 14 of its levels.
You also visited: Sewer.

You collected 1264 gold pieces.

Inventory:

Hand Weapons
 d - the +0 morningstar of the Purse {vamp, rF+ rC+ Int+3}
   (You found it on level 7 of the Lair of Beasts)

   It inflicts no extra harm, but heals its wielder somewhat when it strikes a
   living foe.
   It affects your intelligence (+3).
   It protects you from fire.
   It protects you from cold.
 f - a +3 executioner's axe of electrocution
 l - a +8 great sword of flaming (weapon)
 r - the +8 scimitar of Desperation {drain, Dex+3}
   (Trog gifted it to you on level 4 of the Lair of Beasts)

   A truly terrible weapon, it drains the life of those it strikes.
   It affects your dexterity (+3).
 x - a +6 longbow
 A - a +4 long sword of slicing
Missiles
 z - 30 poisoned arrows
Armour
 b - a +0 helmet (worn)
 n - a +0 plate armour (worn)
 s - a +0 pair of gloves of archery
Rods
 y - a +0 lightning rod (9/9)
   (You found it on level 6 of the Lair of Beasts)
Jewellery
 k - an uncursed ring of ice
 m - a +4 ring of strength
 o - an uncursed ring of poison resistance {unknown}
 p - an uncursed ring of magical power
 t - an uncursed ring of protection from cold {unknown}
 v - a cursed ring of teleportation {unknown}
Wands
 a - a wand of paralysis (12/24)
 c - a wand of teleportation (9/6)
 e - a wand of digging (30/72)
 h - a wand of random effects (40/48)
 i - a wand of disintegration (22/48)
 q - a wand of slowing (22/48)
 u - a wand of lightning (9/15)
 w - a wand of acid (12/30)
Scrolls
 a - a scroll of amnesia {unknown}
 d - a scroll of fog
 j - 3 scrolls of enchant armour
 m - 11 scrolls of teleportation
 p - 6 scrolls of noise
 q - a scroll of summoning
 v - 6 scrolls of fear
 z - a scroll of blinking
 B - 4 scrolls of remove curse
 D - a scroll of random uselessness
 G - 2 scrolls of magic mapping
 I - a scroll of immolation
 J - a scroll of recharging
 L - a scroll of torment
 N - a scroll of silence
Potions
 b - 10 potions of stamina
 c - 15 potions of magic
 e - 6 potions of haste
 f - 3 potions of cure mutation
 g - a potion of berserk rage
 h - 4 potions of resistance {unknown}
 i - 6 potions of ambrosia {unknown}
 k - a potion of experience {unknown}
 l - 8 potions of flight
 n - 11 potions of curing
 o - 4 potions of might
 r - 2 potions of agility {unknown}
 s - 7 potions of degeneration
 t - 3 potions of invisibility {unknown}
 u - 3 potions of beneficial mutation {unknown}
 w - 4 potions of brilliance {unknown}
 x - 2 potions of mutation
 E - 3 potions of cancellation {unknown}
Books
 C - a Young Poisoner's Handbook

   Spells                             Type                      Level
   a - Sting                          Conjuration/Poison           1
   b - Mephitic Cloud                 Conjuration/Poison/Air       3
   c - Olgreb's Toxic Radiance        Poison/Light                 4
   d - Alistair's Intoxication        Hexes/Transmutation/Poison   5
   e - Venom Bolt                     Conjuration/Poison           5
   Trog disapproves of the use of such an item.
 F - a book of Party Tricks

   Spells                             Type                      Level
   a - Summon Butterflies             Summoning/Air                1
   b - Apportation                    Translocation                1
   c - Tukima's Dance                 Hexes/Summoning              3
   d - Alistair's Intoxication        Hexes/Transmutation/Poison   5
   e - Invisibility                   Charms/Transmutation/Darkness 6
   Trog disapproves of the use of such an item.
 K - a book of Air

   Spells                             Type                      Level
   a - Shock                          Air                          1
   b - Swiftness                      Charms/Air/Time              2
   c - Repel Missiles                 Charms/Air                   2
   d - Static Discharge               Conjuration/Air              3
   e - Lightning Bolt                 Conjuration/Air              5
   Trog disapproves of the use of such an item.
 M - a book of Geomancy

   Spells                             Type                      Level
   a - Sandblast                      Earth                        1
   b - Passwall                       Transmutation/Earth          2
   c - Stone Arrow                    Earth                        2
   d - Petrify                        Transmutation/Earth          4
   e - Lee's Rapid Deconstruction     Transmutation/Earth          5
   Trog disapproves of the use of such an item.


   Skills:
 * Level 11.0 Fighting
 * Level 10.8 Long Blades
 + Level 9.5 Axes
 * Level 4.1 Bows
 + Level 8.6 Armour
 + Level 6.1 Dodging


You had 13 spell levels left.
You didn't know any spells.

Dungeon Overview and Level Annotations

Branches:
Dungeon (7/7)                Lair (7/7) D:7             Orc (0/7) Lair:7
 Shoals (0/4) Lair:4        Snake (0/4) Lair:5        Swamp (0/4) Lair:2

Altars:
Cheibriados
Dithmenos
Nemelex Xobeh
Okawaru
Pakellas
Ru
The Shining One
Jiyva

Shops:
D:5 [


Innate Abilities, Weirdness & Mutations

Your system is resistant to poisons. (rPois)
Your muscles are very strong. (Str +4)


Message History

The polar bear claws you but does no damage.
The polar bear is singed by your heat. (mon hp-3)
The black bear is burned by your radiant heat. (mon hp-4)
The black bear barely misses you.
The black bear completely misses you. x2
The polar bear is burned by your radiant heat. (mon hp-1)
The polar bear is burned by your radiant heat. (mon hp-3)
The polar bear bites you. (hp-4)
* * * LOW HITPOINT WARNING * * *; The polar bear is singed by your heat. (mon hp-2)
The polar bear claws you but does no damage.
The polar bear is singed by your heat. (mon hp-4)
The polar bear claws you but does no damage.
The polar bear is singed by your heat. (mon hp-3)
The black bear bites you! (hp-10)
* * * LOW HITPOINT WARNING * * *; The black bear appears unharmed.
The black bear claws you but does no damage.
The black bear is singed by your heat. (mon hp-2)
The black bear barely misses you.
The polar bear is burned by your radiant heat. (mon hp-2)
The polar bear bites you. (hp-6)
You die...

...... ################
.##### ## # ### ######
..##########P#..## .
††.#.#.#.##P#...!# ..#
..†††††..#.#P†.h###...#
..#........#†hhh@...#
##.#...#....#..hh##...#
########.†####!.## ##
.##.#.##..# ##...
...#.#....# #.....
...†..†..## ##....?
.†......## .....
#...#.### ....# ##.####


You could see 5 polar bears and a black bear (berserk).

Vanquished Creatures
  Josephine (Lair:6)
  A fire dragon (Lair:7)
  13 hydras
  3 catoblepae
  10 death yaks
  A fire crab (Lair:7)
  11 griffons
  2 oklob plants
  A merfolk avatar (Sewer)
  31 elephants
  7 torpor snails
  9 black mambas
  10 spiny frogs
  7 komodo dragons
  8 rime drakes
  3 giant leeches (Lair:2)
  8 polar bears
  2 raiju (Lair:7)
  A siren (Sewer)
  27 blink frogs
  Prince Ribbit (Lair:5)
  A hill giant zombie (Lair:7)
  14 hippogriffs
  33 yaks
  4 wraiths (Lair:6)
  5 basilisks
  3 wyverns
  A hungry ghost (Lair:7)
  A human (D:7)
  Eustachio (D:6)
  A warg (Lair:7)
  3 nagas (Lair:5)
  2 steam dragons (Lair:7)
  2 hell hounds (Lair:7)
  4 phantoms
  21 water moccasins
  15 porcupines
  8 black bears (Lair:7)
  2 orc warriors
  5 ogres
  A sky beast (D:3)
  16 crocodiles
  35 wolves
  3 centaurs
  14 giant frogs
  A troll zombie (Lair:7)
  8 killer bees (D:7)
  An electric eel (Lair:7)
  A crimson imp (D:5)
  3 giant frog skeletons
  6 jellies
  A centaur skeleton (D:5)
  10 hounds
  5 orc priests
  4 orc wizards
  A gnoll shaman (D:7)
  11 iguanas
  7 worker ants
  4 ogre zombies (Lair:7)
  50 sheep
  A killer bee zombie (D:6)
  A hound zombie (D:6)
  A howler monkey skeleton (D:7)
  A worker ant zombie (D:7)
  3 dart slugs
  Robin (D:3)
  13 giant geckos
  2 oozes
  16 orcs
  11 adders
  15 giant cockroaches
  8 gnolls
  12 hobgoblins
  11 jackals
  8 kobolds
  6 quokkas
  74 river rats
  3 shadow imps (D:6)
  9 worms
  2 adder skeletons
  2 adder zombies
  9 ball pythons
  11 bats
  15 giant newts
  20 goblins
  3 goblin zombies (Lair:7)
  2 hobgoblin skeletons (Lair:7)
  A hobgoblin zombie (Lair:7)
  A jackal zombie (D:6)
  An orc skeleton (Lair:7)
  12 orc zombies (Lair:7)
  30 rats
  3 fungi (Lair:6)
  4 plants
777 creatures vanquished.

Vanquished Creatures (others)
  A hippogriff (D:6)
  A black bear (Lair:7)
  A bat (D:1)
  12 fungi
  8 plants (Lair:7)
23 creatures vanquished.

Grand Total: 800 creatures vanquished

Notes
Turn   | Place    | Note
-------+----------+-------------------------------------------
     0 | D:1      | Ihatecarrots00 the Lava Orc Berserker began the quest for the Orb.
     0 | D:1      | Reached XP level 1. HP: 34/34 MP: 100/100
   339 | D:1      | Reached skill level 5 in Axes
   358 | D:1      | Reached ** piety under Trog
   368 | D:1      | Reached XP level 2. HP: 41/45 MP: 100/100
   412 | D:1      | Reached XP level 3. HP: 42/56 MP: 100/100
   811 | D:1      | Reached *** piety under Trog
  1384 | D:2      | Found an iron altar of Okawaru.
  1494 | D:3      | Noticed Robin
  1494 | D:3      | Reached XP level 4. HP: 67/67 MP: 100/100
  1511 | D:3      | Killed Robin
  1575 | D:3      | Found a glowing drain.
  1605 | D:3      | Reached **** piety under Trog
  1615 | Sewer    | Entered a sewer
  1728 | Sewer    | Noticed a sickly siren
  1744 | Sewer    | Killed a sickly siren
  1744 | Sewer    | Reached skill level 5 in Fighting
  1744 | Sewer    | Reached XP level 5. HP: 76/78 MP: 100/100
  1867 | Sewer    | Reached ***** piety under Trog
  1883 | Sewer    | Noticed a malarious merfolk avatar
  1888 | Sewer    | Noticed a drowned soul
  1888 | Sewer    | Noticed a drowned soul
  1888 | Sewer    | Noticed a drowned soul
  1888 | Sewer    | Noticed a drowned soul
  1889 | Sewer    | Noticed a drowned soul
  1892 | Sewer    | Noticed a drowned soul
  1893 | Sewer    | Noticed a drowned soul
  1894 | Sewer    | Noticed a drowned soul
  1894 | Sewer    | Noticed a drowned soul
  1896 | Sewer    | Noticed a drowned soul
  1897 | Sewer    | Noticed a drowned soul
  1900 | Sewer    | Noticed a drowned soul
  1900 | Sewer    | Noticed a drowned soul
  1901 | Sewer    | HP: 7/78 [drowned by a drowned soul[a malarious merfolk avatar] (17)]
  1902 | Sewer    | Noticed a drowned soul
  1902 | Sewer    | Killed a malarious merfolk avatar
  2203 | D:3      | Reached XP level 6. HP: 75/89 MP: 100/100
  3619 | D:4      | Received a gift from Trog
  4366 | D:4      | Reached skill level 1 in Long Blades
  4452 | D:5      | Entered Level 5 of the Dungeon
  5054 | D:5      | Found Kiash's Armour Shop.
  5093 | D:5      | Reached XP level 7. HP: 100/100 MP: 100/100
  6160 | D:5      | Gained mutation: Your muscles are strong. (Str +2) [potion of mutation]
  6160 | D:5      | Gained mutation: Your muscles are very strong. (Str +4) [potion of mutation]
  6160 | D:5      | Gained mutation: Your system is resistant to poisons. (rPois) [potion of mutation]
  6308 | D:6      | Noticed Eustachio
  6323 | D:6      | Killed Eustachio
  6692 | D:6      | Found a sparkling altar of Nemelex Xobeh.
  6719 | D:6      | Found an oddly glowing altar of Pakellas.
  6719 | D:6      | Noticed an orange crystal statue
  6877 | D:7      | Entered Level 7 of the Dungeon
  6915 | D:7      | Reached ****** piety under Trog
  6970 | D:7      | Received a gift from Trog
  7056 | D:7      | Reached skill level 6 in Fighting
  7183 | D:7      | Found a glowing golden altar of the Shining One.
  7553 | D:7      | Reached XP level 8. HP: 96/111 MP: 33/100
  7593 | D:7      | Found a staircase to the Lair.
  7735 | Lair:1   | Entered Level 1 of the Lair of Beasts
  7910 | Lair:1   | Received a gift from Trog
  8131 | Lair:1   | Reached XP level 9. HP: 122/122 MP: 100/100
  8159 | Lair:1   | Reached skill level 5 in Armour
  8601 | Lair:1   | Reached skill level 5 in Long Blades
  9167 | Lair:2   | Noticed an oklob plant
  9174 | Lair:2   | Killed an oklob plant
  9177 | Lair:2   | Reached skill level 7 in Fighting
  9374 | Lair:2   | Received a gift from Trog
  9727 | Lair:2   | Found a sacrificial altar of Ru.
 10455 | Lair:2   | Found a staircase to the Swamp.
 10461 | Lair:2   | Reached XP level 10. HP: 122/133 MP: 100/100
 11898 | Lair:3   | Received a gift from Trog
 12105 | Lair:3   | Noticed a catoblepas
 12117 | Lair:3   | Killed a catoblepas
 12990 | Lair:4   | Found a shadowy altar of Dithmenos.
 13070 | Lair:4   | Noticed a three-headed hydra
 13082 | Lair:4   | Killed an eight-headed hydra
 13132 | Lair:4   | Found a staircase to the Shoals.
 13164 | Lair:4   | Reached XP level 11. HP: 103/144 MP: 100/100
 13322 | Lair:4   | Received a gift from Trog
 13326 | Lair:4   | Got a brightly glowing scimitar {god gift}
 13392 | Lair:4   | Reached skill level 8 in Fighting
 13467 | Lair:4   | Found a frozen archway.
 13541 | Lair:4   | Found a viscous altar of Jiyva.
 14585 | Lair:4   | Identified the +8 scimitar of Desperation {drain, Dex+3} (Trog gifted it to you on level 4 of the Lair of Beasts)
 14890 | Lair:4   | Noticed a three-headed hydra
 14897 | Lair:4   | Killed an eight-headed hydra
 15369 | Lair:5   | Found a staircase to the Snake Pit.
 15521 | Lair:5   | Noticed a death yak
 15523 | Lair:5   | Noticed a death yak
 15524 | Lair:5   | Noticed a death yak
 15525 | Lair:5   | Noticed a death yak
 15528 | Lair:5   | Killed a death yak
 15535 | Lair:5   | Killed a death yak
 15540 | Lair:5   | Killed a death yak
 15540 | Lair:5   | Reached XP level 12. HP: 79/155 MP: 100/100
 15544 | Lair:5   | Reached skill level 5 in Dodging
 15753 | Lair:5   | Noticed Prince Ribbit
 15759 | Lair:5   | Killed Prince Ribbit
 16112 | Lair:5   | Received a gift from Trog
 17008 | Lair:6   | Noticed Josephine
 17010 | Lair:6   | Reached skill level 9 in Fighting
 17019 | Lair:6   | Killed Josephine
 17731 | Lair:6   | Found a snail-covered altar of Cheibriados.
 17770 | Lair:6   | Received a gift from Trog
 17979 | Lair:6   | Reached XP level 13. HP: 158/166 MP: 100/100
 17988 | Lair:6   | Reached skill level 1 in Bows
 18594 | Lair:7   | Entered Level 7 of the Lair of Beasts
 18944 | Lair:7   | Received a gift from Trog
 18944 | Lair:7   | Reached skill level 10 in Long Blades
 18979 | Lair:7   | Reached skill level 10 in Fighting
 19173 | Lair:7   | Received a gift from Trog
 19496 | Lair:7   | Got a dazzling morningstar
 19512 | Lair:7   | Identified the +0 morningstar of the Purse {vamp, rF+ rC+ Int+3} (You found it on level 7 of the Lair of Beasts)
 19918 | Lair:7   | Reached XP level 14. HP: 94/177 MP: 100/100
 19944 | Lair:7   | Found a staircase to the Orcish Mines.
 20452 | Lair:7   | Received a gift from Trog
 20635 | Lair:7   | Reached skill level 11 in Fighting
 20637 | Lair:7   | HP: 16/177 [hell hound (3)]
 20642 | Lair:7   | HP: 34/390 [polar bear (1)]
 20643 | Lair:7   | HP: 16/390 [polar bear (9)]
 20644 | Lair:7   | HP: 3/390 [black bear (10)]
 20644 | Lair:7   | Slain by a polar bear

Skill      XL: |  1  2  3  4  5  6  7  8  9 10 11 12 13 14 |
---------------+-------------------------------------------+-----
Axes           | 5 6 7 8 9 |  9.5
Dodging        | 2 3 4 5 6 |  6.1
Fighting       | 5 6 7 8 9 10 11 | 11.0
Armour         | 3 4 5 6 7 8 |  8.6
Long Blades    | 1 3 4 5 6 8 9 10 | 10.8
Bows           | 3 4 |  4.1

Action                   |  1- 3 |  4- 6 |  7- 9 | 10-12 | 13-15 || total
-------------------------+-------+-------+-------+-------+-------++-------
Melee: Hand axe          |   206 |   323 |       |       |       ||   529
       Long sword        |       |   268 |   210 |       |   132 ||   610
       Broad axe         |       |       |   212 |       |       ||   212
       Great sword       |       |       |   237 |   398 |   316 ||   951
       Scimitar          |       |       |       |   468 |   169 ||   637
Invok: Berserk           |       |       |     2 |       |     2 ||     4
Evoke: Wand              |       |       |       |     2 |       ||     2
  Use: Scroll            |     2 |     3 |     6 |       |    11 ||    22
       Potion            |       |     3 |     4 |     6 |     5 ||    18
Armor: Animal skin       |    31 |       |       |       |       ||    31
       Ring mail         |    49 |   169 |       |       |       ||   218
       Scale mail        |       |    85 |    13 |       |       ||    98
       Chain mail        |       |       |   331 |       |       ||   331
       Plate armour      |       |       |    49 |   600 |   476 ||  1125
Dodge: Dodged            |   135 |   349 |   400 |   439 |   365 ||  1688
